Map: Acid Plant LE

Players

TheBlackRose - Winner!

  • Race: Protoss Protoss
  • League: Silver
  • Spawn Location: 5:00

fruitcake

  • Race: Terran Terran
  • Spawn Location: 11:00

VOD

Have the link to the VOD?

Description

Time

  • Played on: May 10, 2018, 4:49 p.m.
  • Length: 15:26
Show
View Real Time Build Order
Export as new Build Order

TheBlackRose Protoss - Winner!

Build Orders: Nexus First 

Get SALT Encoding   

  12  0:01  Probe  
  13  0:13  Probe  
  14  0:18  Pylon  
  14  0:25  Probe  
  15  0:37  Probe  
  16  0:49  Probe  
  17  1:01  Nexus  
  17  1:11  Gateway  
  17  1:15  Probe  
  18  1:22  Assimilator  
  18  1:27  Assimilator  
  18  1:28  Probe  
  19  1:41  Probe  
  20  1:53  Probe  
  21  2:01  Cybernetics Core  
  21  2:05  Probe  
  22  2:14  Probe  
  23  2:19  Probe  
  24  2:27  Probe  
  25  2:32  Pylon, Probe  
  26  2:37  Pylon  
  26  2:45  Robotics Facility  
  26  2:48  Warp Gate  
  26  2:49  Stalker  
  28  2:53  Probe  
  28  2:55  Probe  
  30  3:05  Probe  
  30  3:13  Probe  
  30  3:17  Probe  
  29  3:31  Stalker  
  31  3:34  Immortal  
  31  3:39  Probe x2  
  37  3:47  Probe x2  
  37  3:52  Assimilator  
  37  3:55  Probe x2  
  39  3:56  Assimilator  
  39  3:59  Pylon  
  41  4:04  Immortal  
  41  4:08  Probe x2  
  47  4:24  Probe  
  47  4:25  Probe  
  49  4:37  Warp Prism  
  49  4:46  Probe x2  
  53  4:54  Gateway  
  53  4:55  Gateway  
  53  4:58  Probe x2  
  55  5:08  Stalker  
  55  5:10  Probe x2  
  59  5:17  Forge x2  
  59  5:28  Probe x2  
  61  5:37  Pylon  
  61  5:41  Pylon  
  61  5:47  Pylon  
  61  5:49  Protoss Ground Weapons Level 1, Protoss Ground Armor Level 1  
  61  5:53  Pylon  
  61  5:55  Immortal  
  65  6:05  Twilight Council  
  65  6:09  Gateway  
  65  6:12  Gateway  
  65  6:14  Pylon  
  65  6:17  Probe x2  
  67  6:25  Stalker x2  
  67  6:26  Stalker  
  65  6:46  Immortal  
  69  6:51  Robotics Bay  
  69  6:53  Stalker x3  
  75  7:08  Nexus  
  75  7:34  Probe  
  76  7:37  Colossus  
  76  7:38  Extended Thermal Lance  
  82  7:46  Protoss Ground Armor Level 2, Protoss Ground Weapons Level 2  
  82  7:57  Pylon, Assimilator  
  82  7:59  Pylon  
  82  8:01  Assimilator  
  82  8:08  Robotics Facility x2  
  82  8:21  Probe x3  
  85  8:28  Colossus  
  91  8:54  Nexus  
  91  8:57  Probe x3  
  94  9:03  Photon Cannon, Colossus x2  
  94  9:05  Photon Cannon  
  94  9:06  Photon Cannon  
  94  9:09  Probe  
  95  9:10  Photon Cannon  
  107  9:28  Stalker x3  
  107  9:29  Stalker  
  115  9:42  Probe x3  
  118  9:54  Colossus  
  118  9:58  Blink  
  124  10:10  Pylon  
  124  10:14  Pylon  
  124  10:17  Photon Cannon  
  124  10:19  Photon Cannon  
  124  10:20  Photon Cannon, Probe x3  
  124  10:21  Probe  
  128  10:25  Photon Cannon  
  128  10:27  Photon Cannon  
  128  10:37  Colossus  
  128  10:42  Protoss Ground Weapons Level 3, Protoss Ground Armor Level 3  
  134  10:43  Assimilator  
  134  10:44  Pylon  
  134  10:45  Pylon  
  134  10:47  Assimilator  
  126  11:25  Stalker x5  
  136  11:36  Pylon  
  136  11:38  Pylon  
  136  11:52  Probe x4  
  140  11:57  Pylon  
  140  11:59  Pylon  
  140  12:04  Probe x3  
  140  12:05  Probe  
  144  12:09  Photon Cannon  
  144  12:11  Photon Cannon  
  144  12:12  Photon Cannon  
  144  12:15  Photon Cannon  
  144  12:17  Immortal x2  
  144  12:18  Immortal  
  142  12:24  Stalker x4  
  142  12:25  Stalker  
  164  12:53  Photon Cannon  
  164  12:55  Probe x2  
  164  12:56  Probe x2, Immortal x3  
  164  12:57  Photon Cannon  
  168  12:59  Photon Cannon  
  168  13:07  Probe  
  168  13:09  Protoss Shields Level 1  
  181  13:17  Sentry x4  
  181  13:18  Sentry  
  191  13:41  Zealot  
  193  13:43  Zealot x3  
  199  14:24  Immortal x2  
Show
View Real Time Build Order
Export as new Build Order

fruitcake Terran 

Build Orders:  

Get SALT Encoding   

  12  0:00  SCV  
  13  0:13  Supply Depot  
  13  0:18  SCV  
  14  0:30  SCV  
  15  0:42  SCV  
  16  0:44  Barracks  
  16  0:52  Refinery  
  16  0:54  SCV  
  17  1:06  SCV  
  18  1:13  Refinery  
  18  1:18  SCV  
  19  1:30  SCV  
  20  1:39  Reaper  
  21  1:42  SCV  
  22  1:59  Command Center  
  22  2:09  Supply Depot  
  22  2:19  Reaper  
  23  2:39  Barracks  
  23  2:51  Reaper  
  24  3:23  Reaper  
  26  3:43  Barracks Reactor  
  26  3:44  SCV x2  
  26  3:48  Refinery  
  27  3:55  Reaper  
  27  3:56  SCV  
  27  3:57  Engineering Bay  
  30  4:03  Factory  
  30  4:08  SCV, Orbital Command, Factory  
  30  4:13  Refinery  
  30  4:19  Reaper x2  
  30  4:20  SCV  
  34  4:32  SCV  
  36  4:58  SCV x2  
  37  5:01  Barracks Tech Lab  
  37  5:10  SCV x2  
  37  5:12  Marine  
  39  5:14  Marine  
  40  5:22  SCV x2, Supply Depot  
  40  5:23  Factory Reactor  
  40  5:25  Cyclone  
  45  5:30  Marine  
  46  5:42  Stimpack  
  46  5:44  Marine x2, SCV  
  46  5:46  Terran Infantry Weapons Level 1  
  46  5:48  Marine, Supply Depot  
  46  5:49  SCV  
  51  5:59  Starport  
  51  6:02  Marine  
  51  6:03  Factory Tech Lab, Marauder  
  54  6:09  Marine  
  55  6:20  Marine  
  55  6:24  Marine  
  52  6:27  Marine  
  52  6:38  Marine  
  53  6:41  Marine  
  53  6:45  Marine  
  55  6:51  SCV  
  56  6:56  Marine  
  56  6:58  Starport Reactor  
  56  7:00  Marauder  
  59  7:03  Marine, SCV  
  61  7:13  Marine  
  61  7:15  SCV  
  62  7:27  Marine, Siege Tank  
  62  7:28  Marauder  
  68  7:31  Marine, Supply Depot  
  69  7:45  Marine  
  70  7:53  SCV, Cyclone, Medivac, Marauder  
  70  7:55  Supply Depot  
  78  8:01  Sensor Tower  
  78  8:10  Supply Depot  
  78  8:11  Terran Infantry Armor Level 1  
  78  8:16  Marine  
  78  8:17  SCV, Siege Tank, Marauder  
  78  8:19  Supply Depot  
  85  8:20  Armory  
  85  8:32  SCV  
  85  8:33  Supply Depot  
  86  8:34  Medivac x2  
  86  8:38  Marauder  
  92  8:41  Supply Depot  
  92  8:49  Siege Tank  
  95  9:04  Medivac x2, Supply Depot  
  99  9:21  Siege Tank  
  102  9:27  Supply Depot  
  102  9:43  Command Center  
  102  9:53  Siege Tank  
  105  10:07  Terran Infantry Weapons Level 2  
  105  10:25  Thor  
  111  10:36  SCV x2  
  113  10:46  Terran Vehicle Weapons Level 1  
  113  10:48  SCV x2  
  113  10:49  Marine  
  115  10:50  Marine, Marauder  
  115  10:55  Medivac x2  
  123  11:07  Marine x2  
  124  11:11  Marauder  
  124  11:25  Marine x2, Medivac x2  
  130  11:33  Marauder  
  130  11:38  Orbital Command  
  132  11:43  Marine x2  
  132  11:44  Liberator x2  
  132  11:45  SCV  
  135  11:48  Refinery  
  135  11:51  Refinery  
  135  11:54  Sensor Tower, Marauder  
  135  11:56  SCV  
  135  11:57  SCV  
  135  11:58  Sensor Tower  
  139  12:08  SCV  
  146  12:09  SCV  
  146  12:12  Concussive Shells  
  149  12:16  Marauder  
  149  12:46  Supply Depot  
  149  12:47  Supply Depot x2  
  149  12:48  Supply Depot  
  149  12:49  Supply Depot x2  
  149  12:50  Liberator  
  149  12:51  Sensor Tower  
  149  13:08  SCV, Viking  
  149  13:09  Supply Depot, Marauder  
  149  13:12  Supply Depot  
  157  13:20  SCV  
  158  13:29  Thor  
  158  13:30  Marauder  
  158  13:32  SCV  
  167  13:36  Barracks Tech Lab  
  167  13:42  Barracks Reactor  
  167  13:52  Marauder  
  169  14:12  Thor  
  169  14:13  Marauder  
  174  15:01  Marine x2  
  174  15:02  Marauder  
Tags
 
Add a new tag
Caveats
  • Supply blocks, unpowered buildings, or Contaminate may cause inaccurate times.
  • Supply counts are checked every 10 seconds.